 Dungeon Crawl Stone Soup version 0.23-a0-650-ga4d50d4 (webtiles) character file.

5637 Lanoc the Grappler (level 10, -2/102 HPs)
             Began as a Troll Monk on Jan 2, 2019.
             Was a Believer of Qazlal.
             Slain by Erolcha
             ... wielding a +0 giant club
              (31 damage)
             ... on level 9 of the Dungeon.
             The game lasted 00:15:27 (6211 turns).

Lanoc the Grappler (Troll Monk)                     Turns: 6211, Time: 00:15:28

Health: -2/102     AC:  8    Str: 27    XL:     10   Next: 46%
Magic:  9/9        EV: 13    Int:  6    God:    Qazlal [**....]
Gold:   775        SH:  0    Dex: 12    Spells: 9/9 levels left

rFire    + . .     SeeInvis .     - Unarmed
rCold    . . .     Gourm    +   (no shield)
rNeg     . . .     Faith    .   a - +0 robe of Foolhardiness {+Fly rF+ rCorr Str+3}
rPois    .         Spirit   .   (helmet restricted)
rElec    .         Reflect  .   B - +2 cloak {MR+}
rCorr    +         Harm     .   (gloves unavailable)
MR       +....                  (boots unavailable)
Stlth    +.........             d - amulet of regeneration
HPRegen  1.07/turn              e - +1 ring of slaying
MPRegen  0.11/turn              (no ring)

@: confused, berserk cooldown, slowed, very slow
A: large, unfitting armour, claws 3, fast metabolism 3, gourmand, regeneration
1, shaggy fur 1, tough skin 2
a: Upheaval, Renounce Religion, Evoke Flight


You were on level 9 of the Dungeon.
You worshipped Qazlal.
Qazlal was pleased with you.
You were completely stuffed.

You visited 2 branches of the dungeon, and saw 10 of its levels.
You also visited: Ossuary.

You collected 775 gold pieces.

Inventory:

Armour
 a - the +0 robe of Foolhardiness (worn) {+Fly rF+ rCorr Str+3}
   (You found it on level 9 of the Dungeon)

   It affects your strength (+3).
   It protects you from fire.
   It lets you fly.
   It provides partial protection from all sources of acid and corrosion.
 B - a +2 cloak of magic resistance (worn)
Jewellery
 d - an amulet of regeneration (around neck)
 e - a +1 ring of slaying (left claw)
Wands
 p - a wand of digging (4)
Scrolls
 c - 2 scrolls of teleportation
 f - a scroll of amnesia {unknown}
 h - 2 scrolls of enchant armour
 i - a scroll of remove curse
 j - 3 scrolls of blinking
 w - 2 scrolls of vulnerability
 x - a scroll of torment
 y - 2 scrolls of enchant weapon
Potions
 g - 3 potions of curing
 l - a potion of might
 m - 2 potions of lignification
 n - a potion of flight
 o - a potion of resistance
 q - a potion of berserk rage
 s - 2 potions of ambrosia
 t - 3 potions of heal wounds {unknown}
 u - a potion of magic
 v - 3 potions of haste {unknown}
 A - 2 potions of mutation
Comestibles
 b - 27 rations
 k - 2 chunks of flesh


   Skills:
 + Level 7.0 Fighting
 + Level 7.0 Dodging
 - Level 1.0 Stealth
 * Level 11.4 Unarmed Combat


You had 9 spell levels left.
You didn't know any spells.
Your spell library was empty.

Dungeon Overview and Level Annotations

Branches:
Dungeon (9/15)             Temple (1/1) D:7
   Lair: D:8-11         Orc: D:9-12

Altars:
Ashenzari
Cheibriados
Dithmenos
Elyvilon
Fedhas
Gozag
Hepliaklqana
Kikubaaqudgha
Makhleb
Nemelex Xobeh
Okawaru
Qazlal
Ru
Sif Muna
Trog
Uskayaw
Vehumet
Wu Jian
Xom
Yredelemnul
Zin

Annotations:
D:9 Erolcha


Innate Abilities, Weirdness & Mutations

You are too large for most types of armour.
You have claws for hands.
Your metabolism is lightning-fast.
You like to eat raw meat.
Your natural rate of healing is unusually fast.
You are covered in fur. (AC +1)
You have very tough skin. (AC +2)


Message History

You kill the yak!
Qazlal accepts your kill.
You hear some strange, mumbled words.
A bolt of lightning appears from out of thin air!
The bolt of lightning hits you!
Items here: †††† a yak corpse x4
You feel a strong urge to attack something.
You are no longer berserk.
You are exhausted.
You feel yourself slow down. Something hits you!
Items here: †††† a yak corpse x4
You claw something! Something barely misses you.
You claw something! Something hits you.
You closely miss something. Something hits you!!
* * * LOW HITPOINT WARNING * * *
You are confused.
You feel invigorated. Something hits you!!
You die...

#####..........##..##
##
##.........##...###..
###......###...#....
####...###........
###..##........
##..#........
##.#........
##†........
#@........ ##§.......
##....... #......
######


There were no monsters in sight!

Vanquished Creatures
  A two-headed ogre (D:9)
  An oklob plant (D:8)
  Prince Ribbit (D:7)
  A shadow (D:6)
  2 wandering mushrooms (D:8)
  A tarantella (shapeshifter) (D:6)
  6 yaks (D:9)
  Duvessa (D:4)
  2 water moccasins (D:7)
  A sky beast (D:7)
  3 orc warriors
  2 black bears
  A hornet zombie (D:7)
  3 ogres
  A centaur (D:7)
  A big kobold (D:9)
  6 bullfrogs
  An elf zombie (Ossuary)
  Dowan (D:4)
  3 scorpions
  6 killer bees (D:7)
  A howler monkey (D:6)
  4 crimson imps
  2 bullfrog zombies
  2 quasits (D:7)
  A jelly (D:9)
  An orc priest (D:8)
  Crazy Yiuf (D:7)
  2 hounds (D:6)
  A human zombie (Ossuary)
  5 orc wizards
  3 bullfrog skeletons
  A centaur skeleton (D:8)
  5 iguanas
  Jessica (D:2)
  7 worker ants
  A big kobold zombie (Ossuary)
  3 hound zombies
  2 mummies (Ossuary)
  A hound skeleton (D:7)
  A worker ant zombie (D:6)
  Robin (D:2)
  9 adders
  2 shadow imps (D:6)
  An adder zombie (D:8)
  A worm (D:4)
  3 dart slugs
  3 leopard geckos
  18 orcs
  4 giant cockroaches
  A gnoll zombie (Ossuary)
  5 hobgoblins
  11 jackals
  11 kobolds
  4 quokkas
  3 ball pythons
  A ball python zombie (D:1)
  4 bats
  4 frilled lizards
  13 goblins
  3 goblin zombies (Ossuary)
  2 hobgoblin zombies
  6 orc zombies (Ossuary)
  A quokka skeleton (D:6)
  A quokka zombie (D:1)
  7 rats
  A rat zombie (D:8)
210 creatures vanquished.

Notes
Turn   | Place    | Note
-------+----------+-------------------------------------------
     0 | D:1      | Lanoc the Troll Monk began the quest for the Orb.
     0 | D:1      | Reached XP level 1. HP: 22/22 MP: 0/0
   334 | D:1      | Reached XP level 2. HP: 29/29 MP: 1/1
   725 | D:2      | Noticed Jessica
   729 | D:2      | Killed Jessica
   729 | D:2      | Reached XP level 3. HP: 33/36 MP: 2/2
   737 | D:2      | Reached skill level 4 in Unarmed Combat
   755 | D:2      | Found a faded altar of an unknown god.
   760 | D:2      | Became a worshipper of Fedhas Madash
   760 | D:2      | Reached * piety under Fedhas
   760 | D:2      | Reached ** piety under Fedhas
   953 | D:2      | Reached XP level 4. HP: 43/44 MP: 3/3
  1078 | D:2      | Noticed Robin
  1111 | D:2      | Killed Robin
  1900 | D:4      | Noticed Dowan
  1907 | D:4      | Noticed Duvessa
  1924 | D:4      | Killed Duvessa
  1924 | D:4      | Reached skill level 5 in Unarmed Combat
  1924 | D:4      | Reached XP level 5. HP: 46/53 MP: 4/4
  1938 | D:4      | Killed Dowan
  1938 | D:4      | Reached XP level 6. HP: 45/61 MP: 5/5
  2214 | D:4      | Reached *** piety under Fedhas
  2328 | D:5      | Entered Level 5 of the Dungeon
  3162 | D:5      | Reached skill level 6 in Unarmed Combat
  3162 | D:5      | Reached XP level 7. HP: 59/68 MP: 6/6
  3409 | D:6      | Noticed a tarantella
  3412 | D:6      | Killed a tarantella
  3412 | D:6      | Reached skill level 7 in Unarmed Combat
  3501 | D:6      | Reached XP level 8. HP: 74/79 MP: 7/7
  3953 | D:7      | Reached skill level 8 in Unarmed Combat
  3957 | D:7      | Reached skill level 5 in Fighting
  3957 | D:7      | Reached skill level 5 in Dodging
  4051 | D:7      | Noticed Prince Ribbit
  4058 | D:7      | Killed Prince Ribbit
  4132 | D:7      | Reached XP level 9. HP: 88/88 MP: 8/8
  4139 | D:7      | Reached skill level 9 in Unarmed Combat
  4488 | D:7      | Found a sacrificial altar of Ru.
  4676 | D:7      | Found a runed door.
  4680 | D:7      | Noticed Crazy Yiuf
  4683 | D:7      | Killed Crazy Yiuf
  4877 | D:7      | Found a staircase to the Ecumenical Temple.
  4883 | Temple   | Entered the Ecumenical Temple
  4988 | Temple   | Fell from the grace of Fedhas
  4988 | Temple   | Became a worshipper of Qazlal Stormbringer
  5092 | D:8      | Found a sand-covered staircase.
  5104 | Ossuary  | Entered an ossuary
  5185 | Ossuary  | Reached skill level 10 in Unarmed Combat
  5369 | D:8      | Reached * piety under Qazlal
  5491 | D:8      | Noticed a wandering mushroom
  5491 | D:8      | Noticed an oklob plant
  5491 | D:8      | Noticed a wandering mushroom
  5496 | D:8      | Killed an oklob plant
  5851 | D:9      | Got a creamy pearl robe
  5862 | D:9      | Identified the +0 robe of Foolhardiness {+Fly rF+ rCorr
                  | Str+3} (You found it on level 9 of the Dungeon)
  6046 | D:9      | Found a snail-covered altar of Cheibriados.
  6069 | D:9      | Reached XP level 10. HP: 98/100 MP: 9/9
  6128 | D:9      | Noticed a two-headed ogre
  6137 | D:9      | Killed a two-headed ogre
  6137 | D:9      | Reached skill level 11 in Unarmed Combat
  6181 | D:9      | Noticed Erolcha
  6200 | D:9      | Reached ** piety under Qazlal
  6211 | D:9      | Slain by Erolcha

Vault maps used:
D:1:      saegor_arrival_fortress
D:2:      chequers_ecumenical_altar_simple_redux, first_ration, uniq_jessica,
          uniq_robin
D:4:      uniq_duvessa
D:5:      serial_bayou, serial_bayou_pond_c, serial_bayou_shore_a,
          serial_bayou_shore_b, serial_bayou_lagoon_a, serial_bayou_lake_a,
          guppyfry_early_lair_pool
D:6:      hangedman_minor_gate_pass
D:7:      minmay_temple_entry_enclosed_plants,
          nicolae_ru_great_annihilating_truth, uniq_prince_ribbit1,
          uniq_crazy_yiuf_cottage
D:8:      enter_ossuary_3
D:9:      nicolae_overflow_hidden_temple, basic_altar,
          hangedman_little_slice_of_home, uniq_erolcha
Temple:   kilobyte_greek_temple
Ossuary:  minmay_ossuary_gauntlet

Skill      XL: |  1  2  3  4  5  6  7  8  9 10 |
---------------+-------------------------------+-----
Unarmed Combat | 4 5 6 7 8 10 11 | 11.4
Fighting       | 3 4 5 6 7 |  7.0
Dodging        | 3 4 5 6 7 |  7.0
Stealth        | |  1.0

Action                   |  1- 3 |  4- 6 |  7- 9 | 10-12 || total
-------------------------+-------+-------+-------+-------++-------
Melee: Unarmed           |    59 |   150 |   375 |    37 ||   621
       Punch             |     1 |     3 |    16 |       ||    20
  Use: Scroll            |       |       |    18 |       ||    18
       Potion            |       |       |     4 |     2 ||     6
 Stab: Sleeping          |     3 |     6 |     1 |       ||    10
       Invisible         |       |       |     1 |       ||     1
  Eat: Chunk             |     4 |    27 |    28 |     4 ||    63
Armor: Robe              |    17 |    36 |   100 |     4 ||   157
       Steam dragon scal |       |       |     6 |       ||     6
Dodge: Dodged            |    20 |    56 |   213 |    14 ||   303
Block: Other             |       |       |     4 |     1 ||     5

Table legend:
 A = Non-vault XP
 B = Vault XP
 C = Vault XP percentage of total XP
 D = Non-vault monster count
 E = Vault monster count
 F = Vault count percentage of total count
                 A         B        C        D         E       F
            +---------+---------+-------+---------+---------+-------
      Total |    6578 |    1475 |  18.3 |     158 |      49 |  23.7
            +---------+---------+-------+---------+---------+-------
        D:1 |      26 |       2 |   7.1 |      14 |       2 |  12.5
        D:2 |      41 |      74 |  64.3 |      10 |      13 |  56.5
        D:3 |      40 |       0 |   0.0 |      15 |       0 |   0.0
        D:4 |      97 |     225 |  69.9 |      10 |       2 |  16.7
        D:5 |     237 |      13 |   5.2 |       9 |       1 |  10.0
        D:6 |     518 |     597 |  53.5 |      18 |       7 |  28.0
        D:7 |    1913 |     361 |  15.9 |      40 |       6 |  13.0
        D:8 |     814 |       2 |   0.2 |      19 |       2 |   9.5
        D:9 |    2892 |       0 |   0.0 |      23 |       0 |   0.0
    Ossuary |       0 |     201 | 100.0 |       0 |      16 | 100.0
            +---------+---------+-------+---------+---------+-------
